 Dungeon Crawl Stone Soup version 0.30-a0-879-ga8ba668304 (webtiles) character file.

Game seed: 3476001730957158684

8890 Maxmaps the Marksant (level 11, -13/72 HPs)
             Began as a Formicid Hunter on Mar 14, 2023.
             Was a Believer of the Shining One.
             Mangled by Urug
             ... wielding a +1 battleaxe of electrocution
              (22 damage)
             ... on level 1 of the Lair of Beasts.
             The game lasted 00:15:27 (10214 turns).

Maxmaps the Marksant (Formicid Hunter)             Turns: 10214, Time: 00:15:28

Health: -13/72     AC: 17    Str: 17    XL:     11   Next: 64%
Magic:  11/11      EV: 15    Int:  8    God:    the Shining One [**....]
Gold:   530        SH:  0    Dex: 21    Spells: 10/10 levels left

rFire   . . .      SeeInvis +    D - +0 longbow
rCold   + . .      Faith    .    (no shield)
rNeg    + . .      Spirit   .    i - +7 Kryia's mail coat {PotionHeal*2 rC+}
rPois   .          Reflect  .    (helmet unavailable)
rElec   .          Rampage  .    c - +0 cloak
rCorr   .                        B - +1 Delatra's gloves {ID++}
Will    +....                    G - +0 pair of boots
Stlth   +                        (no amulet)
HPRegen 0.32/turn                w - +5 ring of evasion
MPRegen 0.12/turn                (no ring)

@: glowing, studying Ranged Weapons
A: permanent stasis, dig shafts and tunnels, antennae 3, four strong arms
a: Dig, Shaft Self, Renounce Religion, Divine Shield


You were on level 1 of the Lair of Beasts.
You worshipped the Shining One.
The Shining One was pleased with you.
You visited 2 branches of the dungeon, and saw 12 of its levels.
You also visited: Ossuary.

You collected 530 gold pieces.

Inventory:

Hand Weapons
 a - a +0 shortbow of freezing
 D - a +0 longbow (weapon)
Missiles
 d - 3 throwing nets
Armour
 c - a +0 cloak (worn)
 f - a scarf of shadows
 i - the +7 Kryia's mail coat (worn) {PotionHeal*2 rC+}
   (You found it on level 4 of the Dungeon)

   PotionHeal*2: Potions heal its wearer twice as much.
   rC:        It protects you from cold.
 l - a +0 scale mail of fire resistance
 o - a +0 troll leather armour
 B - the +1 Delatra's gloves (worn) {ID++}
   (You found it on level 6 of the Dungeon)

   ID++:      It heals its wearer when they drink unknown potions, and restores
   their MP when they read unknown scrolls.
 G - a +0 pair of boots (worn)
Jewellery
 j - a ring of fire
 w - a +5 ring of evasion (left hand)
 E - a ring of flight
 F - a +6 ring of strength
 I - the amulet "Fiodeh" {Reflect Str+2 SH+5}
   (You found it on level 11 of the Dungeon)

   [amulet of reflection]

   It reflects blocked missile attacks.
   Str:       It affects your strength (+2).
   SH:        It affects your SH (+5).
Wands
 e - a wand of flame (26)
 y - a wand of roots (6)
Scrolls
 b - 4 scrolls of immolation
 p - 3 scrolls of enchant armour
 q - 2 scrolls of amnesia
 t - a scroll of fog
 v - 3 scrolls of magic mapping
 z - a scroll of blinking
 A - 3 scrolls of enchant weapon
Potions
 g - a potion of resistance
 h - 2 potions of berserk rage
 k - 2 potions of ambrosia
 m - 3 potions of cancellation
 n - 4 potions of lignification
 r - a potion of invisibility
 s - 2 potions of might
 u - a potion of brilliance
 x - 2 potions of mutation
 C - a potion of curing
 H - a potion of attraction {unknown}


   Skills:
 - Level 2.2 Fighting
 + Level 19.3 Ranged Weapons
 - Level 1.7 Dodging
 - Level 1.2 Stealth


You had 10 spell levels left.
You didn't know any spells.
Your spell library contained the following spells:

 Spells                   Type           Power      Damage    Failure   Level
 Magic Dart               Conj           0%         1d3       85%         1
 Call Imp                 Summ           0%         N/A       94%         2
 Cigotuvi's Dreadful Rot  Necr/Pois/Air  0%         N/A       94%         2
 Sublimation of Blood     Necr           0%         N/A       94%         2
 Inner Flame              Hex/Fire       0%         N/A       99%         3
 Mephitic Cloud           Conj/Pois/Air  0%         N/A       99%         3
 Cause Fear               Hex            0%         N/A       100%        4
 Dispel Undead            Necr           0%         3d6       100%        4
 Petrify                  Tmut/Erth      0%         N/A       100%        4
 Irradiate                Conj/Tmut      0%         3d11      100%        5
 Death Channel            Necr           0%         N/A       100%        6
 Discord                  Hex            0%         N/A       100%        8


Dungeon Overview and Level Annotations

Branches:
Dungeon (11/15)            Temple (0/1) D:6            Lair (1/5) D:11
    Orc (0/2) D:11        Ossuary (visited)

Altars:
Ashenzari
Elyvilon
Fedhas
Gozag
Kikubaaqudgha
Makhleb
Okawaru
Qazlal
Trog
Vehumet
Wu Jian
Zin
The Shining One

Annotations:
Lair:1 Urug


Innate Abilities, Weirdness & Mutations

You cannot be hasted, slowed, berserked, paralysed or teleported.
You can dig through walls and to a lower floor.
You have a pair of large antennae on your head. (SInv)
Your four strong arms can wield two-handed weapons with a shield.


Message History

Urug throws a javelin.
The javelin pierces through you.
You shoot an arrow. The arrow hits Urug but does no damage.
Urug is moderately wounded.
You shoot an arrow. The arrow hits Urug but does no damage.
Urug is moderately wounded.
You shoot an arrow. The arrow hits Urug.
Urug is moderately wounded.
Urug throws a javelin.
The javelin pierces through you!!
You shoot an arrow. The arrow hits Urug but does no damage.
Urug is moderately wounded.
You shoot an arrow. The arrow hits Urug!
Urug is heavily wounded.
Urug squints and says, "My one eye mightn't be all that good, but I can see you just fine with it, harpy."
Urug misses you.
You shoot an arrow. The arrow completely misses Urug.
Urug hits you with a +1 battleaxe of electrocution!
You are electrocuted!
* * * LOW HITPOINT WARNING * * *
The +7 Kryia's mail coat enhances the healing.
You feel better.
Urug drinks a potion.
Urug is healed!
Okay, then.
Fire: D) +0 longbow
Press: ? - help, Shift-Dir - straight line, f/p - Urug
Aim: Urug, wielding a +1 battleaxe of electrocution, wearing a +0 chain mail and quivering javelins (heavily wounded, haloed, 81% to hit)
You shoot an arrow. The arrow hits Urug!
Urug is heavily wounded.
Urug mutters, "Sometimes I wonder if they all really are harpies."
Urug hits you with a +1 battleaxe of electrocution!!
* * * LOW HITPOINT WARNING * * *
You are electrocuted!
* * * LOW HITPOINT WARNING * * *
Unknown command.
Fire: D) +0 longbow
Press: ? - help, Shift-Dir - straight line, f/p - Urug
Aim: Urug, wielding a +1 battleaxe of electrocution, wearing a +0 chain mail and quivering javelins (heavily wounded, haloed, 81% to hit)
You shoot an arrow. The arrow hits Urug but does no damage.
Urug is heavily wounded.
Urug screams, "You are already dead."
Urug hits you with a +1 battleaxe of electrocution!!
You die...

........###..
.........#..
#.#.~~...!###
###.~~~~~~...#.
#..~≈≈≈≈~~≈~...
...~≈≈≈≈~~≈~...
#..~≈≈~~~≈≈~~..
..~≈≈≈†@.~≈~~..
...≈≈~o.~~≈~...
...~~~≈~≈~≈~...
....~≈≈≈≈~~.$..
...~~~~≈~~~....
......~....#...
.#.....#.#####.
.#.... ##


You could see Urug.

Vanquished Creatures
  A centaur warrior (D:10)
  A two-headed ogre (D:11)
  A catoblepas (D:11)
  Pikel (D:5)
  A cane toad (Lair:1)
  A gargoyle (D:10)
  4 trolls
  Sigmund (D:6)
  A wyvern (D:9)
  3 yaks (D:10)
  Eustachio (D:4)
  A steam dragon (D:10)
  3 water moccasins
  6 orc warriors
  2 ogres
  A centaur (D:9)
  A lemure (D:5)
  4 phantoms
  2 kobold brigands
  4 bullfrogs
  2 scorpions
  12 wights
  5 killer bees (D:11)
  4 howler monkeys (D:11)
  An electric eel (D:8)
  A human zombie (Ossuary)
  2 hounds
  Crazy Yiuf (D:2)
  7 orc priests
  3 jellies
  Ijyb (D:4)
  5 iguanas
  2 sleepcaps
  Terence (D:2)
  11 orc wizards
  3 mummies (Ossuary)
  7 gnolls
  4 adders
  3 white imps
  4 adder zombies (Ossuary)
  6 worms
  5 dart slugs (D:1)
  31 orcs
  12 bats
  6 endoplasms
  4 giant cockroaches
  4 goblins
  14 hobgoblins
  11 kobolds
  4 quokkas
  4 ball pythons
  A frilled lizard (D:1)
  A goblin zombie (Ossuary)
  3 hobgoblin zombies (Ossuary)
  A jackal zombie (D:4)
  6 kobold zombies
  An orc zombie (D:4)
  A quokka zombie (Ossuary)
  3 rats
  3 rat zombies (Ossuary)
240 creatures vanquished.

Notes
Turn   | Place    | Note
-------+----------+-------------------------------------------
     0 | D:1      | Maxmaps the Formicid Hunter began the quest for the Orb.
     0 | D:1      | Reached XP level 1. HP: 16/16 MP: 1/1
    24 | D:1      | Reached XP level 2. HP: 22/22 MP: 2/2
   186 | D:1      | Reached XP level 3. HP: 27/27 MP: 3/3
   235 | D:1      | Reached skill level 5 in Ranged Weapons
   618 | D:2      | Reached XP level 4. HP: 33/33 MP: 4/4
   624 | D:2      | Noticed Terence
   635 | D:2      | Killed Terence
   753 | D:2      | Identified the +1 robe of Infinity {*Corrode Int+7 Slay+6}
  1074 | D:2      | Found a runed translucent door.
  1075 | D:2      | Noticed Crazy Yiuf
  1111 | D:2      | Reached XP level 5. HP: 17/38 MP: 5/5
  1130 | D:2      | Reached skill level 6 in Ranged Weapons
  1399 | D:2      | Killed Crazy Yiuf
  2121 | D:3      | Found a white marble altar of Elyvilon.
  2411 | D:4      | Noticed Eustachio
  2429 | D:4      | Killed Eustachio
  2430 | D:4      | Reached skill level 7 in Ranged Weapons
  2430 | D:4      | Reached XP level 6. HP: 23/44 MP: 6/6
  2433 | D:4      | Found the +7 Kryia's mail coat {PotionHeal*2 rC+}
  2572 | D:4      | Found a sand-covered staircase.
  2586 | Ossuary  | Entered an ossuary
  2748 | Ossuary  | Reached XP level 7. HP: 50/50 MP: 7/7
  2799 | Ossuary  | Reached skill level 8 in Ranged Weapons
  3041 | D:4      | Noticed Ijyb
  3056 | D:4      | Killed Ijyb
  3310 | D:4      | Found a glowing golden altar of the Shining One.
  3317 | D:4      | Became a worshipper of the Shining One
  3330 | D:5      | Entered Level 5 of the Dungeon
  3436 | D:5      | Reached skill level 9 in Ranged Weapons
  3583 | D:5      | Reached XP level 8. HP: 54/56 MP: 8/8
  3721 | D:5      | Reached skill level 10 in Ranged Weapons
  3963 | D:5      | Noticed Pikel
  3973 | D:5      | Killed Pikel
  3974 | D:5      | Reached skill level 11 in Ranged Weapons
  3974 | D:5      | Reached XP level 9. HP: 53/61 MP: 9/9
  4143 | D:5      | Found a broken altar of Ashenzari.
  4671 | D:6      | Found a staircase to the Ecumenical Temple.
  4716 | D:6      | Reached skill level 12 in Ranged Weapons
  4889 | D:6      | Found the +1 Delatra's gloves {ID++}
  4959 | D:6      | Noticed Sigmund
  4973 | D:6      | Killed Sigmund
  5248 | D:7      | Found an iron altar of Okawaru.
  5289 | D:7      | Found the +6 shillelagh "Devastator" {shatter}
  5491 | D:7      | Reached skill level 13 in Ranged Weapons
  5674 | D:7      | Reached * piety under the Shining One
  5784 | D:7      | Noticed a troll
  5794 | D:7      | Reached XP level 10. HP: 63/67 MP: 10/10
  5872 | D:7      | Reached skill level 14 in Ranged Weapons
  6697 | D:8      | Found an ornate altar of the Wu Jian Council.
  6999 | D:8      | Found a radiant altar of Vehumet.
  7290 | D:9      | Found a blossoming altar of Fedhas.
  7293 | D:9      | Found a bloodstained altar of Trog.
  7307 | D:9      | Found an ancient bone altar of Kikubaaqudgha.
  7307 | D:9      | Reached ** piety under the Shining One
  7314 | D:9      | Found an opulent altar of Gozag.
  7424 | D:9      | Found a burning altar of Makhleb.
  7424 | D:9      | Found the +0 toga "Victory" {*Victory Clar}
  7441 | D:9      | Reached skill level 15 in Ranged Weapons
  7468 | D:9      | Identified a scroll of acquirement
  7541 | D:9      | Found a glowing silver altar of Zin.
  7565 | D:9      | Acquired a manual of Ranged Weapons
  7995 | D:10     | Entered Level 10 of the Dungeon
  8000 | D:10     | Found a stormy altar of Qazlal.
  8097 | D:10     | Noticed a gargoyle
  8098 | D:10     | Noticed a centaur warrior
  8114 | D:10     | Killed a gargoyle
  8123 | D:10     | Killed a centaur warrior
  8124 | D:10     | Reached skill level 16 in Ranged Weapons
  8124 | D:10     | Reached XP level 11. HP: 59/72 MP: 8/11
  8367 | D:10     | Reached skill level 17 in Ranged Weapons
  8979 | D:11     | Noticed a catoblepas
  9011 | D:11     | HP: 2/72 [catoblepas (12)]
  9012 | D:11     | Killed a catoblepas
  9013 | D:11     | Reached skill level 18 in Ranged Weapons
  9624 | D:11     | Found a staircase to the Orcish Mines.
  9889 | D:11     | Noticed a two-headed ogre
  9897 | D:11     | Killed a two-headed ogre
  9898 | D:11     | Reached skill level 19 in Ranged Weapons
  9961 | D:11     | Found a staircase to the Lair.
 10054 | D:11     | Identified the amulet "Fiodeh" {Reflect Str+2 SH+5}
 10178 | Lair:1   | Entered Level 1 of the Lair of Beasts
 10195 | Lair:1   | Noticed Urug
 10214 | Lair:1   | Mangled by Urug

Illustrated notes

Levels and vault maps discovered:
D:1:      wander_arrival_peaceful_grave, layout_rooms, st_stairs_3
D:2:      layout_basic, serial_glass, glass_columns_a, glass_columns_a,
          uniq_crazy_yiuf_cottage, uniq_terence
D:3:      layout_loops_ring, general_overflow_altar
D:4:      layout_loops_ring, nicolae_overflow_hidden_temple, enter_ossuary_3,
          corexii_corridor_pit, minmay_large_rounded_square, uniq_ijyb,
          uniq_eustachio
D:5:      layout_gridville, mainiacjoe_overflow_tiny_flanked,
          nicolae_hexahallways, uniq_pikel
D:6:      layout_loops_ring, minmay_temple_entry_glass, uniq_sigmund
D:7:      minmay_chambers_of_fours, layout_gridville, okawaru_ov_weapons_minmay
D:8:      layout_basic, nzn_wu_jian_contemplation, vehumet_crystals,
          fountainhead
D:9:      layout_irregular_city, bloody_makhleb, zin_academy,
          grunt_temple_overflow_cloverleaf
D:10:     layout_loops_ring, nicolae_qazlal_general_emergency
D:11:     layout_irregular_city, lair_entry_dummy, minmay_orc_entry_temple_small
Lair:1:   layout_roguey, grunt_megastairs_3, serial_bayou_shore_b,
          infiniplex_staircase_pool_2, uniq_gastronok, uniq_urug

Skill      XL: |  1  2  3  4  5  6  7  8  9 10 11 |
---------------+----------------------------------+-----
Ranged Weapons | 5 7 9 11 13 16 19 | 19.3
Fighting       | |  2.2
Dodging        | |  1.7
Stealth        | |  1.2

Action                     |  1- 3 |  4- 6 |  7- 9 | 10-12 || total
---------------------------+-------+-------+-------+-------++-------
   Fire: Shortbow          |    71 |   184 |   324 |   275 ||   854
         Longbow           |       |       |       |   141 ||   141
 Invoke: Divine Shield     |       |       |       |     1 ||     1
Ability: Dig               |     1 |       |     1 |       ||     2
    Use: Scroll            |       |    11 |     5 |     6 ||    22
         Potion            |       |     1 |     1 |     3 ||     5
 Armour: Leather armour    |     9 |     1 |       |       ||    10
         Chain mail        |       |    54 |       |       ||    54
         Scale mail        |       |    29 |    66 |    85 ||   180
  Dodge: Dodged            |    21 |    58 |   120 |   160 ||   359
  Block: Other             |       |       |       |     4 ||     4

Table legend: (Time is in decaauts)
 A = Elapsed time spent in this place.
 B = Non-inter-level travel time spent in this place.
 C = Inter-level travel time spent in this place.
 D = Time resting spent in this place.
 E = Time spent auto-exploring this place.
 F = Levels seen in this place.
 G = Mean time per level.
                   A        B        C        D        E       F      G
               +--------+--------+--------+--------+--------+-----+--------+
         Total |  10355 |  10015 |    340 |   1587 |   6448 |  13 |  796.5 |
       Dungeon |  10029 |   9690 |    339 |   1519 |   6382 |  11 |  911.7 |
          Lair |     32 |     32 |      0 |      0 |      3 |   1 |   32.0 |
       Ossuary |    293 |    293 |      0 |     68 |     63 |   1 |  293.0 |
               +--------+--------+--------+--------+--------+-----+--------+

Top non-repeatable levels by time:
     D:5: 1249 daAuts
     D:7: 1249 daAuts
    D:10: 1152 daAuts
     D:2: 1034 daAuts
    D:11: 1018 daAuts
     D:4: 811 daAuts
     D:8: 802 daAuts
     D:9: 737 daAuts
     D:3: 703 daAuts
     D:6: 656 daAuts
     D:1: 615 daAuts
 Ossuary: 293 daAuts
  Lair:1: 32 daAuts
